 Dungeon Crawl Stone Soup version 0.30-a0-118-ga018f8e90f (webtiles) character file.

Game seed: 16814645517332867264

1213 ytrimaz the Changer (level 8, -8/58 HPs)
             Began as a Demigod Transmuter on Sept 13, 2022.
             Mangled by an ogre
             ... wielding a +0 giant club
              (25 damage)
             ... on level 5 of the Dungeon.
             The game lasted 00:07:52 (6612 turns).

ytrimaz the Changer (Demigod Transmuter)            Turns: 6612, Time: 00:07:53

Health: -8/58      AC:  2    Str: 11    XL:     8   Next: 2%
Magic:  13/18      EV: 19    Int: 23    God:
Gold:   237        SH:  0    Dex: 19    Spells: 6/16 levels left

rFire   . . .      SeeInvis .      - Unarmed
rCold   . . .      Faith    .    (shield currently unavailable)
rNeg    . . .      Spirit   .    (body armour currently unavailable)
rPois   x          Reflect  .    (helmet currently unavailable)
rElec   .          Harm     .    (cloak currently unavailable)
rCorr   .          Rampage  .    (gloves currently unavailable)
Will    .....                    (boots currently unavailable)
Stlth   ++........               (no amulet)
HPRegen 0.19/turn                (no ring)
MPRegen 0.16/turn                (no ring)

@: spider-form
A: venomous fangs, tiny, high MP 1, forlorn, divine attributes, (claws 1)
a: End Transformation


You were on level 5 of the Dungeon.
You were a venomous arachnid creature.
You visited 1 branch of the dungeon, and saw 5 of its levels.

You collected 237 gold pieces.


Innate Abilities, Weirdness & Mutations

You are a venomous arachnid creature.
You have poisonous fangs.
You are tiny and dextrous.
Your spellcasting is less reliable in this form.
Your armour is entirely melded.
You are incapable of wielding weapons or throwing items.
You have an increased reservoir of magic. (+10% MP)
You shall have no god before yourself.
Your divine heritage dramatically boosts your attributes as you level up.
((You have sharp fingernails.))


   Skills:
 - Level 0.8 Fighting
 - Level 1.7 Dodging
 * Level 4.3 Unarmed Combat
 + Level 4.8 Spellcasting
 + Level 5.4 Transmutations
 - Level 4.0 Poison Magic


You had 6 spell levels left.
You knew the following spells:

 Your Spells              Type           Power      Damage    Failure   Level
a - Beastly Appendage     Tmut           60%        N/A       5%          1
b - Wereblood             Tmut           30%        N/A       7%          2
c - Spider Form           Tmut/Pois      27%        N/A       13%         3
d - Ice Form              Ice/Tmut       18%        N/A       52%         4

Your spell library contained the following spells:

 Spells                   Type           Power      Damage    Failure   Level
 Slow                     Hex            20%        N/A       24%         1
 Confusing Touch          Hex            5%         N/A       50%         3
 Vampiric Draining        Necr           5%         2d6       50%         3

Inventory:

Armour
 a - a +0 robe (melded)
 c - a +0 cloak (melded)
   (You found it on level 1 of the Dungeon)
 g - a +4 ring mail of fire resistance
   (You took it off Edmund on level 4 of the Dungeon)
Scrolls
 d - 3 scrolls of teleportation
 j - 2 scrolls of noise
Potions
 b - a potion of ambrosia {unknown}
 e - a potion of curing
 f - a potion of brilliance {unknown}
 h - a potion of attraction {unknown}

Dungeon Overview and Level Annotations

Branches:
Dungeon (5/15) Zot: 23389
 Temple: D:4-7

#..............
.................
...............#
#.............
#..#..........
#..........#w#
..#.#........#.##
......†oO....#..# ..
..#.s.....##.# #..#
#........#.##.....
#.............#
#..........####
.######...<.....###
.......<...#...!..#
.........#......#.>.#
.###..#..............
##.#.#..###......#


You could see an ogre and an orc priest (extremely poisoned).


Message History

You start resting. 😱 HP[+2] MP[+2]
You regained 2 hp, and now have 16/69 hp.
Your mp is fully restored (18).
You start resting.
Your transformation is almost over.
You warm up again.
Your +0 cloak unmelds from your body.
Your +0 robe unmelds from your body.
You are no longer corroded. 😨 HP[+2]
You now have 58 max hp (-11).
You regained 2 hp, and now have 18/58 hp.
You start resting. 😎 HP[+40]
Your hp is fully restored (58).
Unknown command.
Okay, then.
You climb downwards.
There is a stone staircase leading up here.
Unknown command.
An orc is nearby!
An orc is nearby!
The orc shouts!
Casting: Ice Form (quite dangerous; 32% risk of failure)
Confirm with . or Enter, or press ? or * to list all spells.
The spell is quite dangerous to miscast (32% risk of failure)!
Continue anyway?
You miscast Ice Form.
You are very lightly contaminated with residual magic.
Nothing appears to happen. 😎 MP[-4]
You lost 4 mp, and now have 14/18 mp.
The orc barely misses you.
A worm comes into view.
The orc barely misses you.
The orc shouts!
You scratch the orc. The orc closely misses you.
You scratch the orc but do no damage. The orc barely misses you.
Unknown command.
You claw the orc!
You kill the orc!
Casting: Ice Form (quite dangerous; 32% risk of failure)
Confirm with . or Enter, or press ? or * to list all spells.
You turn into a venomous arachnid creature.
Your +0 cloak melds into your body.
Your +0 robe melds into your body. 😎 MP[-2]
You lost 2 mp, and now have 12/18 mp.
Unknown command.
An ogre comes into view. It is wielding a +0 giant club.
Your magical contamination has completely faded away.
Things that are here:
a +0 trident; a +0 ring mail The orc priest shouts!
The ogre shouts!
You hit the worm.
The worm is poisoned.
The orc hits you with a +1 vorpal falchion! 😕 HP[-8]
You take 8 damage, and now have 50/58 hp.
You bite the orc!
You kill the orc!
The worm misses you.
You hit the worm but do no damage.
The worm looks as sick as possible!
You hit the worm.
The worm looks as sick as possible!
The worm closely misses you.
Unknown command.
You bite the worm!
The worm looks as sick as possible!
The orc priest hits you with a +0 dagger. 😕 HP[-1]
You take 1 damage, and now have 49/58 hp.
You hit the orc priest.
The orc priest is poisoned.
You kill the worm!
The orc priest miscasts a cantrip.
You barely miss the orc priest. The ogre closely misses you.
The orc priest mumbles some strange prayers to Beogh against you.
Beogh smites you! 😮 HP[-13] MP[+1]
You take 13 damage, and now have 36/58 hp.
MASSIVE DAMAGE!! (PAUSE)
You are too injured to fight recklessly!
You hit the orc priest.
The orc priest looks even sicker.
The orc priest hits you with a +0 dagger. 😮 HP[-4]
You take 4 damage, and now have 32/58 hp.
Unknown command.
You hit the ogre but do no damage.
The ogre hits you with a +0 giant club!!
* * * LOW HITPOINT WARNING * * *
😱 HP[-22]
You take 22 damage, and now have 10/58 hp.
MASSIVE DAMAGE!! (PAUSE) Unknown command.
You feel better.
The orc priest barely misses you. 😨 HP[+6]
You regained 6 hp, and now have 16/58 hp.
You hit the orc priest.
The orc priest looks as sick as possible!
The orc priest closely misses you.
The ogre misses you. 😨 HP[+1] Unknown command.
The ogre attacks as you move away!
The ogre hits you with a +0 giant club!!
You die...

Skill      XL: |  1  2  3  4  5  6  7 |
---------------+----------------------+-----
Spellcasting   | 2 3 4 |  4.8
Transmutations | 2 3 4 5 |  5.4
Poison Magic   | 1 2 3 4 |  4.0
Unarmed Combat | 4 |  4.3
Fighting       | |  0.8
Dodging        | |  1.7

Action                   |  1- 3 |  4- 6 |  7- 9 || total
-------------------------+-------+-------+-------++-------
Melee: Unarmed           |   114 |   137 |    96 ||   347
       Headbutt          |    19 |     1 |       ||    20
       Kick              |    20 |     7 |       ||    27
       Punch             |     2 |       |     1 ||     3
 Cast: Beastly Appendage |    28 |     8 |       ||    36
       Spider Form       |     1 |    15 |    13 ||    29
       Wereblood         |       |     3 |     1 ||     4
       Ice Form          |       |       |     2 ||     2
 Abil: End Transformatio |       |       |     1 ||     1
  Use: Scroll            |     3 |     3 |     2 ||     8
       Potion            |       |     6 |     2 ||     8
 Stab: Sleeping          |     2 |     2 |     2 ||     6
Armor: Robe              |    32 |    10 |     1 ||    43
       Skin              |       |    61 |    11 ||    72
Dodge: Dodged            |    74 |    95 |    71 ||   240

Levels and vault maps discovered:
D:1:      minmay_arrival_doors, layout_basic, hangedman_decor_slide_cut,
          minmay_misc_feat_alley, serial_bayou_crossing
D:2:      layout_basic, basic_altar
D:3:      layout_basic, nicolae_tso_besieged_by_evil, lemuel_doored_altar,
          jmf_multi_god_temple2, chequers_serial_rivers_marsh, uniq_sigmund,
          uniq_jessica, uniq_natasha
D:4:      layout_loops_ring, uniq_robin, uniq_edmund
D:5:      layout_rooms, mainiacjoe_overflow_alcove_2, slow_altar_1,
          minmay_temple_entry_overgrown, uniq_eustachio

Notes
Turn   | Place    | Note
-------+----------+-------------------------------------------
     0 | D:1      | ytrimaz the Demigod Transmuter began the quest for the Orb.
     0 | D:1      | Reached XP level 1. HP: 15/15 MP: 5/5
     0 | D:1      | magus.rc [v1.9.6]
    58 | D:1      | Reached skill level 2 in Spellcasting
    58 | D:1      | Reached skill level 2 in Transmutations
   120 | D:1      | HP: 2/15 [frozen (4)]
   512 | D:1      | Reached XP level 2. HP: 22/22 MP: 4/7
   568 | D:1      | HP: 4/22 [hobgoblin (3)]
   960 | D:1      | Learned a level 2 spell: Wereblood
  1774 | D:2      | Reached XP level 3. HP: 22/27 MP: 9/9
  1990 | D:2      | Learned a level 3 spell: Spider Form
  2234 | D:2      | You pick up a book of Debilitation and begin reading...
  2234 | D:2      | You add the spells Slow, Vampiric Draining and Confusing
                  | Touch to your library.
  2916 | D:3      | Noticed Jessica
  2924 | D:3      | Killed Jessica
  2925 | D:3      | Reached skill level 3 in Transmutations
  2925 | D:3      | Reached skill level 1 in Poison Magic
  2925 | D:3      | Reached XP level 4. HP: 34/34 MP: 6/11
  3126 | D:3      | Noticed Natasha
  3137 | D:3      | Killed Natasha
  3142 | D:3      | Reached skill level 3 in Spellcasting
  3142 | D:3      | Reached skill level 2 in Poison Magic
  3146 | D:3      | Reached XP level 5. HP: 39/39 MP: 8/12
  3425 | D:3      | Noticed Natasha
  3433 | D:3      | Killed Natasha
  3448 | D:3      | Noticed Natasha
  3457 | D:3      | Killed Natasha
  3760 | D:3      | Noticed Sigmund
  3776 | D:3      | Killed Sigmund
  3777 | D:3      | Reached skill level 3 in Poison Magic
  3777 | D:3      | Reached XP level 6. HP: 38/46 MP: 10/14
  3782 | D:3      | Learned a level 4 spell: Ice Form
  4287 | D:3      | Found a large runed translucent door.
  4288 | D:3      | Found a large runed translucent door.
  4369 | D:3      | Gained mutation: You have sharp fingernails. [potion of
                  | mutation]
  4487 | D:4      | Reached skill level 4 in Transmutations
  4640 | D:4      | Noticed Edmund
  4651 | D:4      | HP: 11/46 [Edmund/+7 flail of holy wrath (7)]
  4652 | D:4      | HP: 2/46 [Edmund/+7 flail of holy wrath (9)]
  4656 | D:4      | Killed Edmund
  4657 | D:4      | Reached skill level 4 in Poison Magic
  4657 | D:4      | Reached XP level 7. HP: 23/51 MP: 13/16
  4981 | D:4      | Reached skill level 4 in Spellcasting
  5101 | D:4      | Noticed Robin
  5120 | D:4      | HP: 12/51 [something (1)]
  5124 | D:4      | Killed Robin
  5445 | D:4      | Reached skill level 3 in Unarmed Combat
  5736 | D:4      | Reached skill level 5 in Transmutations
  6032 | D:5      | Entered Level 5 of the Dungeon
  6096 | D:5      | Noticed Eustachio
  6129 | D:4      | Killed Eustachio
  6130 | D:4      | Reached skill level 4 in Unarmed Combat
  6339 | D:5      | HP: 11/61 [acid (8)]
  6341 | D:5      | Reached XP level 8. HP: 13/58 MP: 15/18
  6609 | D:5      | HP: 10/58 [ogre/+0 giant club (22)]
  6612 | D:5      | Mangled by an ogre

Vanquished Creatures
  Sigmund (D:3)
  Eustachio (D:4)
  Edmund (D:4)
  3 scorpions
  2 howler monkeys
  A crimson imp (D:3)
  2 jellies (D:5)
  2 hounds
  2 orc priests (D:3)
  Jessica (D:3)
  Natasha (thrice) (D:3)
  Robin (D:4)
  10 adders
  A shadow imp (D:5)
  A worm (D:5)
  6 dart slugs
  6 orcs
  8 ball pythons
  6 bats
  7 endoplasms
  2 giant cockroaches
  11 hobgoblins
  2 jackals (D:4)
  3 quokkas
  20 goblins
  2 goblin zombies (D:3)
  2 hobgoblin zombies (D:3)
  11 kobolds
  3 kobold zombies (D:3)
  3 orc skeletons (D:3)
  3 orc zombies (D:3)
  5 rats
132 creatures vanquished.

Vanquished Creatures (others)
  A plant (D:5)
1 creature vanquished.

Grand Total: 133 creatures vanquished

Table legend:
 A = Non-vault XP
 B = Vault XP
 C = Vault XP percentage of total XP
 D = Non-vault monster count
 E = Vault monster count
 F = Vault count percentage of total count
                 A         B        C        D         E       F
            +---------+---------+-------+---------+---------+-------
      Total |     963 |     770 |  44.4 |     100 |      32 |  24.2
            +---------+---------+-------+---------+---------+-------
        D:1 |      43 |       0 |   0.0 |      24 |       0 |   0.0
        D:2 |      52 |       0 |   0.0 |      16 |       0 |   0.0
        D:3 |     208 |     379 |  64.6 |      21 |      19 |  47.5
        D:4 |     327 |     391 |  54.5 |      26 |      13 |  33.3
        D:5 |     333 |       0 |   0.0 |      13 |       0 |   0.0
            +---------+---------+-------+---------+---------+-------

Illustrated notes

Table legend:
 A = Kills in this place as a percentage of kills in entire the game.
 B = Kills by you in this place as a percentage of kills by you in the entire game.
 C = Kills by friends in this place as a percentage of kills by friends in the entire game.
 D = Other kills in this place as a percentage of other kills in the entire game.
 E = Experience gained in this place as a percentage of experience gained in the entire game.
 F = Experience gained in this place divided by the number of levels of this place that you have seen.
                   A       B       C       D       E      F
               +-------+-------+-------+-------+-------+----------------------
         Total | 100.0 | 100.0 |   N/A |   N/A | 100.0 | 346.6
       Dungeon | 100.0 | 100.0 |   N/A |   N/A | 100.0 | 346.6
               +-------+-------+-------+-------+-------+----------------------

Table legend: (Time is in decaauts)
 A = Elapsed time spent in this place.
 B = Non-inter-level travel time spent in this place.
 C = Inter-level travel time spent in this place.
 D = Time resting spent in this place.
 E = Time spent auto-exploring this place.
 F = Levels seen in this place.
 G = Mean time per level.
                   A        B        C        D        E       F      G
               +--------+--------+--------+--------+--------+-----+--------+
         Total |   6610 |   6477 |    133 |    664 |   4816 |   5 | 1322.0 |
       Dungeon |   6610 |   6477 |    133 |    664 |   4816 |   5 | 1322.0 |
               +--------+--------+--------+--------+--------+-----+--------+

Top non-repeatable levels by time:
     D:4: 2085 daAuts
     D:1: 1696 daAuts
     D:3: 1552 daAuts
     D:2: 1149 daAuts
     D:5: 127 daAuts
